 Dungeon Crawl Stone Soup version bcrawl-1.40.3b (webtiles) character file.

Game seed: 17602495289758585615

150279 Yakui the Charmwright (level 6, -2/51 HPs)
             Began as a Gnoll Skald on Jan 7, 2024.
             Slain by a troll (12 damage)
             ... on level 5 of the Dungeon.
             The game lasted 00:11:27 (4368 turns).

Yakui the Charmwright (Gnoll Skald)                 Turns: 4368, Time: 00:11:28

Health: -2/51      AC:  6    Str: 14    XL:     6   Next: 86%
Magic:  5/14       EV: 12    Int: 17    God:
Gold:   246        SH:  0    Dex: 21    Spells: 4/15 levels left

rFire    . . .     GDR:     34% a - +1 trident
rCold    . . .     SeeInvis .   (no shield)
rNeg     . . .     Gourm    .   c - +0 ring mail
rPois    .         Faith    .   (no helmet)
rElec    .         Spirit   .   (no cloak)
rCorr    .         Reflect  .   (no gloves)
MR       .....                  l - +0 pair of boots
Stlth    ++........             d - amulet of magic regeneration
HPRegen  0.18/turn              g - +7 ring of dexterity
MPRegen  0.28/turn              q - -2 ring of evasion (curse)

@: infused
A: distributed training, fangs 1, strong nose
a: no special abilities


You were on level 5 of the Dungeon.
You were not hungry.

You visited 1 branch of the dungeon, and saw 5 of its levels.

You collected 246 gold pieces.

Inventory:

Hand Weapons
 a - a +1 trident (weapon)
Missiles
 j - 74 poisoned tomahawks (quivered)
Armour
 c - a +0 ring mail (worn)
 l - a +0 pair of boots (worn)
 r - a +0 medium shield
Jewellery
 d - an amulet of magic regeneration (around neck)
 g - a +7 ring of dexterity (left hand)
 q - a cursed -2 ring of evasion (right hand)
Scrolls
 f - 2 scrolls of fear
 i - 4 scrolls of identify
 k - 2 scrolls of teleportation
 n - a scroll of amnesia {unknown}
 s - a scroll of blinking
Potions
 b - 2 potions of haste {unknown}
 h - a potion of berserk rage
 o - 3 potions of heal wounds
 p - 4 potions of flight
 t - a potion of curing {unknown}
Comestibles
 e - 7 rations {!d}
 m - 3 chunks of flesh


   Skills:
 + Level 5.0 Fighting
 + Level 2.1 Short Blades
 + Level 2.1 Long Blades
 + Level 2.1 Axes
 + Level 2.1 Maces & Flails
 + Level 5.0 Polearms
 + Level 2.1 Staves
 + Level 2.1 Slings
 + Level 2.1 Bows
 + Level 2.1 Crossbows
 + Level 2.1 Throwing
 + Level 3.3 Armour
 + Level 5.0 Dodging
 + Level 2.1 Stealth
 + Level 2.1 Shields
 + Level 2.1 Unarmed Combat
 + Level 5.4 Spellcasting
 + Level 1.6 Conjurations
 + Level 1.6 Hexes
 + Level 5.7 Charms
 + Level 1.6 Summonings
 + Level 1.6 Necromancy
 + Level 1.6 Translocations
 + Level 1.6 Transmutations
 + Level 1.6 Fire Magic
 + Level 1.6 Ice Magic
 + Level 1.6 Air Magic
 + Level 1.6 Earth Magic
 + Level 1.6 Poison Magic
 + Level 2.3 Invocations
 + Level 2.1 Evocations


You had 4 spell levels left.
You knew the following spells:

 Your Spells              Type           Power        Failure   Level  Hunger
a - Infusion              Chrm           ###.....     2%          1    None
b - Song of Slaying       Chrm           ###.....     3%          2    None
c - Swiftness             Chrm/Air       ###.....     9%          2    None
d - Regeneration          Chrm/Necr      ###.......   19%         3    ##.....
e - Ozocubu's Armour      Chrm/Ice       ###.....     19%         3    ##.....

Your spell library contained the following spells:

 Spells                   Type           Power        Failure   Level  Hunger
 Slow                     Hex            ##......     14%         1    None
 Static Discharge         Air            ##....       14%         1    None
 Spectral Weapon          Hex/Chrm       ###.....     19%         3    ##.....
 Ensorcelled Hibernation  Hex/Ice        ##....       21%         2    None
 Shock                    Conj/Air       ##.....      21%         2    None
 Confuse                  Hex            ##......     38%         3    ##.....
 Dazzling Orbs            Conj/Hex       ##.....      38%         3    ##.....
 Mephitic Cloud           Conj/Pois/Air  ##......     38%         3    ##.....
 Tukima's Dance           Hex            ##......     38%         3    ##.....
 Cause Fear               Hex            ##........   80%         4    ####...
 Lightning Bolt           Conj/Air       ##......     80%         4    ####...


Dungeon Overview and Level Annotations

Branches:
Dungeon (5/12)
 Temple: D:4-7

Altars:

Shops:
D:4 *

Annotations:
D:3 2 transporters, yrara's ghost, amateur DsFi


Innate Abilities, Weirdness & Mutations

Your experience applies equally to all skills.
You have very sharp teeth.
Your uncanny sense of smell can sniff out nearby items.


Message History

Casting: Ozocubu's Armour (safe; 19% risk of failure)
Confirm with . or Enter, or press ? or * to list all spells.
You begin infusing your attacks with magical energy.
You hit the troll!
The troll is lightly wounded.
Your icy armour evaporates.
The troll barely misses you. The troll claws you. The troll claws you!
You barely miss the troll.
The troll is lightly wounded.
The troll bites you! The troll claws you but does no damage.
The troll closely misses you.
You hit the troll. You bite the troll, but do no damage.
The troll is moderately wounded.
The troll bites you.
The troll claws you but does no damage. x2
You puncture the troll!
The troll is heavily wounded.
The troll bites you!
* * * LOW HITPOINT WARNING * * *
The troll misses you. The troll claws you!
You die...

##'#.#### ... .....[...#
.............# .............#
.............# .............#
### .............# #######.#
............)########.......#
............)..T@.....#####.#
...........^.########.# #.#
o.........).........#.# #.#
.............#####.#### #.#
#............# #...# #.# #
##############.### #.# ....
..........# #.# ####
#######.#.########.# #
#.#..........#


You could see a troll.

Vanquished Creatures
  A phantom (D:5)
  2 orc priests
  2 orc wizards
  A worker ant (D:4)
  A hound skeleton (D:4)
  A howler monkey skeleton (D:5)
  6 adders
  An adder skeleton (D:4)
  3 worms (D:2)
  5 dart slugs
  5 leopard geckos
  7 orcs
  8 hobgoblins
  11 kobolds
  2 quokkas (D:4)
  A ball python (D:1)
  3 bats
  A frilled lizard (D:3)
  2 goblins
  A rat (D:2)
64 creatures vanquished.

Notes
Turn   | Place    | Note
-------+----------+-------------------------------------------
     0 | D:1      | Yakui the Gnoll Skald began the quest for the Orb.
     0 | D:1      | Reached XP level 1. HP: 20/20 MP: 6/6
   154 | D:1      | Reached XP level 2. HP: 20/26 MP: 2/7
   987 | D:2      | Reached XP level 3. HP: 31/31 MP: 9/9
  1013 | D:2      | Reached skill level 5 in Spellcasting
  1454 | D:2      | Reached skill level 1 in Invocations
  1759 | D:3      | Reached skill level 1 in Short Blades
  1759 | D:3      | Reached skill level 1 in Long Blades
  1759 | D:3      | Reached skill level 1 in Axes
  1759 | D:3      | Reached skill level 1 in Maces & Flails
  1759 | D:3      | Reached skill level 1 in Staves
  1759 | D:3      | Reached skill level 1 in Slings
  1759 | D:3      | Reached skill level 1 in Bows
  1759 | D:3      | Reached skill level 1 in Crossbows
  1759 | D:3      | Reached skill level 1 in Throwing
  1759 | D:3      | Reached skill level 1 in Stealth
  1759 | D:3      | Reached skill level 1 in Shields
  1759 | D:3      | Reached skill level 1 in Unarmed Combat
  1759 | D:3      | Reached skill level 1 in Evocations
  1761 | D:3      | Reached XP level 4. HP: 20/38 MP: 4/11
  2150 | D:3      | Noticed yrara's ghost (amateur DsFi)
  2151 | D:3      | Found a transporter.
  2161 | D:3      | Found a transporter.
  2165 | D:3      | Identified the +9 dire flail of the Spheres {protect, rPois
                  | rF+ rC++ MR+}
  2165 | D:3      | Noticed an ogre
  2376 | D:3      | Reached skill level 1 in Conjurations
  2376 | D:3      | Reached skill level 1 in Hexes
  2376 | D:3      | Reached skill level 1 in Summonings
  2376 | D:3      | Reached skill level 1 in Necromancy
  2376 | D:3      | Reached skill level 1 in Translocations
  2376 | D:3      | Reached skill level 1 in Transmutations
  2376 | D:3      | Reached skill level 1 in Fire Magic
  2376 | D:3      | Reached skill level 1 in Ice Magic
  2376 | D:3      | Reached skill level 1 in Air Magic
  2376 | D:3      | Reached skill level 1 in Earth Magic
  2376 | D:3      | Reached skill level 1 in Poison Magic
  2908 | D:4      | Learned a level 2 spell: Song of Slaying
  2932 | D:4      | Learned a level 2 spell: Swiftness
  2936 | D:4      | Learned a level 3 spell: Regeneration
  2940 | D:4      | Learned a level 3 spell: Ozocubu's Armour
  2957 | D:4      | Reached XP level 5. HP: 37/43 MP: 12/12
  3612 | D:4      | Found Yxisialuku's General Store.
  3842 | D:4      | Reached XP level 6. HP: 38/50 MP: 10/13
  3993 | D:5      | Entered Level 5 of the Dungeon
  4288 | D:5      | Noticed a phantom
  4302 | D:5      | Killed a phantom
  4303 | D:5      | Reached skill level 5 in Fighting
  4303 | D:5      | Reached skill level 5 in Polearms
  4303 | D:5      | Reached skill level 5 in Dodging
  4356 | D:5      | Noticed a troll
  4368 | D:5      | Slain by a troll

Skill      XL: |  1  2  3  4  5  6 |
---------------+-------------------+-----
Spellcasting   | 5 |  5.4
Invocations    | 1 2 |  2.3
Short Blades   | 1 2 |  2.1
Long Blades    | 1 2 |  2.1
Axes           | 1 2 |  2.1
Maces & Flails | 1 2 |  2.1
Staves         | 1 2 |  2.1
Slings         | 1 2 |  2.1
Bows           | 1 2 |  2.1
Crossbows      | 1 2 |  2.1
Throwing       | 1 2 |  2.1
Stealth        | 1 2 |  2.1
Shields        | 1 2 |  2.1
Unarmed Combat | 1 2 |  2.1
Evocations     | 1 2 |  2.1
Conjurations   | 1 |  1.6
Hexes          | 1 |  1.6
Summonings     | 1 |  1.6
Necromancy     | 1 |  1.6
Translocations | 1 |  1.6
Transmutations | 1 |  1.6
Fire Magic     | 1 |  1.6
Ice Magic      | 1 |  1.6
Air Magic      | 1 |  1.6
Earth Magic    | 1 |  1.6
Poison Magic   | 1 |  1.6
Armour         | 3 |  3.3
Fighting       | 5 |  5.0
Polearms       | 5 |  5.0
Dodging        | 5 |  5.0
Charms         | |  5.7

Action                   |  1- 3 |  4- 6 || total
-------------------------+-------+-------++-------
Melee: Trident           |    88 |   110 ||   198
       Bite              |     2 |     7 ||     9
Throw: Tomahawk          |     2 |     1 ||     3
 Cast: Infusion          |     4 |    10 ||    14
       Song of Slaying   |       |     3 ||     3
       Ozocubu's Armour  |       |     2 ||     2
       Swiftness         |       |     1 ||     1
  Use: Scroll            |       |     8 ||     8
 Stab: Sleeping          |     1 |       ||     1
  Eat: Chunk             |     5 |     8 ||    13
       Ration            |       |     1 ||     1
Armor: Ring mail         |    16 |    32 ||    48
Dodge: Dodged            |    29 |    53 ||    82
Block: Other             |       |     1 ||     1
